General information
			
			
        
        - name: BNet
 
        - type: Ladder team game (AT/RT)
 
        - host: Battle.net
 
        - saver: ball_sweets
 
        
map: CopperCanyon 
        - players: 6
 
        - length: 53:49
 
        - speed: Fast
 - version: 1.22 W3XP
 - replay type:  Public
 
» download(302 KB)
Players
        team 1 (loser) 
              
              
» 
Ckrabs (
red | 34 APM | 1804 actions | 52:35)
              
 4 Priestess of the Moon 
 1 Searing Arrows
 1 Scout
 2 Trueshot Aura
 
                » actions 
                
                | Assign group hotkey | 28 |  | 
| Basic commands | 115 |  | 
| Build / train | 51 |  | 
| Enter build submenu | 30 |  | 
| Enter hero's abilities submenu | 5 |  | 
| Remove unit from queue | 1 |  | 
| Right click | 833 |  | 
| Select / deselect | 610 |  | 
| Select group hotkey | 13 |  | 
| Use ability | 118 |  | 
                1804 total
 » units 
                » upgrades
                
                | Strength of the Wild | 2 |  | 
| Ultravision | 1 |  | 
| Reinforced Hides | 2 |  | 
| Corrosive Breath | 1 |  | 
| Nature's Blessing | 1 |  | 
                7 total
 » buildings
                
                | Altar of Elders | 2 |  | 
| Moon Well | 12 |  | 
| Tree of Ages | 2 |  | 
| Hunter's Hall | 1 |  | 
| Tree of Eternity | 1 |  | 
| Ancient of Wind | 1 |  | 
| Ancient of Wonders | 1 |  | 
| Chimaera Roost | 3 |  | 
| Ancient Protector | 6 |  | 
| Tree of Life | 2 |  | 
                31 total
 » build order
                00:32 Altar of Elders
00:47 Moon Well
01:44 Moon Well
02:20 Tree of Ages
02:21 Tree of Ages
02:39 Hunter's Hall
03:15 Moon Well
04:50 Tree of Eternity
04:53 Ancient of Wind
07:27 Ancient of Wonders
07:35 Chimaera Roost
07:37 Chimaera Roost
07:39 Chimaera Roost
09:20 Moon Well
10:18 Moon Well
11:19 Moon Well
13:03 Ancient Protector
13:06 Ancient Protector
13:18 Ancient Protector
14:06 Tree of Life
14:29 Ancient Protector
18:57 Ancient Protector
18:59 Ancient Protector
23:11 Altar of Elders
24:42 Moon Well
24:44 Moon Well
24:46 Moon Well
26:32 Moon Well
26:33 Moon Well
26:35 Tree of Life
27:34 Moon Well
» items
                 
               
              
              
ULTRAN00B (
teal | 57 APM | 3079 actions | 53:40)
              
 5 Blademaster 
 3 Wind Walk
 2 Critical Strike
 4 Shadow Hunter 
 2 Hex
 2 Healing Wave
 
                » actions 
                
                | Basic commands | 38 |  | 
| Build / train | 104 |  | 
| ESC pressed | 1 |  | 
| Enter build submenu | 41 |  | 
| Enter hero's abilities submenu | 9 |  | 
| Give item / drop item | 4 |  | 
| Remove unit from queue | 3 |  | 
| Right click | 2076 |  | 
| Select / deselect | 634 |  | 
| Use ability | 168 |  | 
                3079 total
 » units 
                
                | Peon | 16 |  | 
| Grunt | 5 |  | 
| Raider | 3 |  | 
| Demolisher | 12 |  | 
| Troll Batrider | 43 |  | 
| Kodo Beast | -1 |  | 
| Troll Headhunter/Berserker | 1 |  | 
                79 total
 » upgrades
                
                | Ensnare | 1 |  | 
| Berserker Strength | 1 |  | 
| Burning Oil | 1 |  | 
| Pillage | 1 |  | 
                4 total
 » buildings
                
                | Altar of Storms | 1 |  | 
| Orc Burrow | 7 |  | 
| Barracks | 1 |  | 
| Stronghold | 1 |  | 
| Voodoo Lounge | 1 |  | 
| Beastiary | 2 |  | 
| Fortress | 1 |  | 
| War Mill | 1 |  | 
| Great Hall | 4 |  | 
| Watch Tower | 23 |  | 
                42 total
 » build order
                00:07 Altar of Storms
00:10 Orc Burrow
00:35 Barracks
01:29 Orc Burrow
02:51 Stronghold
03:59 Voodoo Lounge
04:12 Orc Burrow
05:17 Beastiary
06:03 Orc Burrow
08:52 Fortress
10:20 War Mill
10:35 Great Hall
12:20 Orc Burrow
12:22 Orc Burrow
13:19 Watch Tower
13:22 Watch Tower
13:24 Watch Tower
13:47 Watch Tower
14:19 Watch Tower
15:44 Watch Tower
16:53 Orc Burrow
17:52 Watch Tower
18:59 Beastiary
24:29 Great Hall
24:35 Watch Tower
24:38 Watch Tower
24:41 Watch Tower
24:43 Watch Tower
25:58 Watch Tower
26:00 Watch Tower
26:02 Watch Tower
30:38 Great Hall
30:41 Watch Tower
30:43 Watch Tower
30:54 Watch Tower
31:19 Watch Tower
31:47 Watch Tower
31:53 Watch Tower
32:02 Watch Tower
32:50 Watch Tower
33:08 Watch Tower
41:51 Great Hall
» items
                
                | Healing Salve | 2 |  | 
| Scroll of Speed | 1 |  | 
| Orb of Lightning | 1 |  | 
| Potion of Healing | 1 |  | 
                5 total
  
               
              
              
WinterWraith (
purple | 36 APM | 1960 actions | 53:44)
              
 3 Death Knight 
 2 Death Coil
 1 Unholy Aura
 5 Lich 
 3 Frost Nova
 1 Dark Ritual
 1 Frost Armor
 
                » actions 
                
                | Assign group hotkey | 24 |  | 
| Basic commands | 54 |  | 
| Build / train | 104 |  | 
| ESC pressed | 6 |  | 
| Enter build submenu | 35 |  | 
| Enter hero's abilities submenu | 7 |  | 
| Give item / drop item | 2 |  | 
| Right click | 923 |  | 
| Select / deselect | 512 |  | 
| Select group hotkey | 196 |  | 
| Use ability | 97 |  | 
                1960 total
 » units 
                
                | Acolyte | 44 |  | 
| Ghoul | 4 |  | 
| Crypt Fiend | 7 |  | 
| Obsidian Statue | 6 |  | 
| Banshee | 2 |  | 
| Gargoyle | 1 |  | 
| Frost Wyrm | 5 |  | 
                69 total
 » upgrades
                
                | Creature Attack | 4 |  | 
| Destroyer Form | 1 |  | 
| Banshee Training | 2 |  | 
| Web | 1 |  | 
| Burrow | 1 |  | 
| Creature Carapace | 2 |  | 
| Freezing Breath | 1 |  | 
                12 total
 » buildings
                
                | Crypt | 2 |  | 
| Altar of Darkness | 1 |  | 
| Ziggurat | 14 |  | 
| Graveyard | 1 |  | 
| Tomb of Relics | 1 |  | 
| Halls of the Dead | 1 |  | 
| Slaughterhouse | 1 |  | 
| Black Citadel | 1 |  | 
| Nerubian Tower | 2 |  | 
| Temple of the Damned | 1 |  | 
| Necropolis | 1 |  | 
| Spirit Tower | 7 |  | 
| Sacrificial Pit | 1 |  | 
| Boneyard | 1 |  | 
                35 total
 » build order
                00:14 Crypt
00:20 Altar of Darkness
00:36 Ziggurat
01:00 Graveyard
01:31 Crypt
01:49 Tomb of Relics
02:04 Ziggurat
03:56 Ziggurat
04:43 Halls of the Dead
06:26 Ziggurat
07:17 Slaughterhouse
07:29 Black Citadel
07:48 Nerubian Tower
08:26 Temple of the Damned
08:55 Ziggurat
10:18 Ziggurat
12:33 Necropolis
13:14 Spirit Tower
13:15 Spirit Tower
13:24 Spirit Tower
21:45 Ziggurat
21:48 Ziggurat
25:23 Spirit Tower
26:03 Ziggurat
26:06 Ziggurat
26:08 Ziggurat
33:17 Spirit Tower
33:18 Spirit Tower
33:19 Spirit Tower
33:21 Ziggurat
33:53 Sacrificial Pit
34:56 Boneyard
37:50 Nerubian Tower
46:09 Ziggurat
46:13 Ziggurat
» items
                
                | Rod of Necromancy | 1 |  | 
| Scroll of Town Portal | 1 |  | 
                2 total
  
               team 2 (winner) 
              
              
ball_sweets (
yellow | 51 APM | 2754 actions | 53:49)
              
 6 Archmage 
 3 Blizzard
 2 Brilliance Aura
 1 Mass Teleport
 4 Blood Mage 
 2 Flame Strike
 2 Siphon Mana
 
                » actions 
                
                | Assign group hotkey | 23 |  | 
| Basic commands | 21 |  | 
| Build / train | 120 |  | 
| Enter build submenu | 60 |  | 
| Enter hero's abilities submenu | 10 |  | 
| Give item / drop item | 3 |  | 
| Right click | 966 |  | 
| Select / deselect | 529 |  | 
| Select group hotkey | 660 |  | 
| Use ability | 362 |  | 
                2754 total
 » units 
                
                | Peasant | 18 |  | 
| Dragonhawk Rider | 11 |  | 
| Sorceress | 1 |  | 
| Priest | 1 |  | 
                31 total
 » upgrades
                
                | Masonry | 3 |  | 
| Magic Sentry | 1 |  | 
| Lumber Harvesting | 2 |  | 
| Sorceress Training | 2 |  | 
| Cloud | 1 |  | 
| Animal War Training | 1 |  | 
| Armor | 3 |  | 
| Priest Training | 2 |  | 
| Swords | 1 |  | 
                16 total
 » buildings
                
                | Altar of Kings | 1 |  | 
| Lumber Mill | 1 |  | 
| Farm | 5 |  | 
| Scout Tower | 64 |  | 
| Arcane Tower | 2 |  | 
| Guard Tower | 34 |  | 
| Arcane Vault | 1 |  | 
| Keep | 3 |  | 
| Arcane Sanctum | 1 |  | 
| Gryphon Aviary | 2 |  | 
| Castle | 1 |  | 
| Town Hall | 1 |  | 
| Blacksmith | 1 |  | 
| Barracks | 1 |  | 
| Workshop | 1 |  | 
                119 total
 » build order
                00:07 Altar of Kings
00:12 Lumber Mill
00:25 Farm
00:56 Scout Tower
01:20 Farm
01:25 Arcane Tower
01:28 Scout Tower
01:51 Scout Tower
01:53 Guard Tower
01:54 Guard Tower
02:18 Scout Tower
02:20 Guard Tower
02:27 Scout Tower
02:50 Guard Tower
02:53 Scout Tower
02:53 Guard Tower
03:05 Scout Tower
03:23 Guard Tower
03:34 Guard Tower
03:35 Guard Tower
03:51 Scout Tower
03:59 Arcane Vault
04:19 Scout Tower
04:19 Guard Tower
04:20 Guard Tower
04:40 Keep
04:40 Keep
04:40 Keep
04:53 Guard Tower
04:57 Scout Tower
05:14 Scout Tower
05:24 Guard Tower
05:26 Scout Tower
05:56 Guard Tower
05:58 Scout Tower
05:59 Scout Tower
06:15 Farm
06:16 Farm
06:17 Farm
06:28 Guard Tower
06:31 Guard Tower
06:33 Scout Tower
06:35 Scout Tower
07:04 Guard Tower
07:05 Scout Tower
07:06 Scout Tower
07:30 Scout Tower
07:31 Scout Tower
07:32 Guard Tower
07:32 Guard Tower
07:34 Scout Tower
07:55 Arcane Sanctum
08:10 Guard Tower
08:15 Gryphon Aviary
08:26 Gryphon Aviary
08:48 Scout Tower
08:50 Scout Tower
09:27 Guard Tower
10:58 Castle
11:03 Guard Tower
11:05 Scout Tower
11:06 Scout Tower
11:15 Scout Tower
11:18 Scout Tower
11:34 Town Hall
11:41 Scout Tower
11:42 Scout Tower
11:50 Scout Tower
12:13 Guard Tower
12:30 Scout Tower
12:41 Guard Tower
12:45 Scout Tower
12:52 Scout Tower
13:19 Scout Tower
13:27 Guard Tower
15:28 Blacksmith
15:30 Barracks
18:10 Scout Tower
18:11 Scout Tower
18:12 Scout Tower
18:15 Scout Tower
18:16 Scout Tower
18:19 Scout Tower
18:21 Scout Tower
19:22 Scout Tower
19:24 Scout Tower
19:25 Scout Tower
19:25 Scout Tower
19:26 Scout Tower
19:28 Scout Tower
19:30 Scout Tower
19:30 Scout Tower
19:31 Scout Tower
19:32 Scout Tower
19:32 Scout Tower
19:33 Scout Tower
19:55 Guard Tower
21:12 Guard Tower
21:42 Guard Tower
23:24 Scout Tower
23:25 Scout Tower
23:27 Scout Tower
23:28 Scout Tower
23:29 Scout Tower
23:29 Scout Tower
24:01 Guard Tower
24:03 Scout Tower
24:18 Guard Tower
24:32 Guard Tower
29:25 Arcane Tower
31:47 Workshop
31:50 Scout Tower
32:43 Guard Tower
32:57 Scout Tower
32:59 Scout Tower
32:59 Scout Tower
33:28 Guard Tower
» items
                
                | Healing Salve | 2 |  | 
| Lesser Clarity Potion | 2 |  | 
| Boots of Speed | 2 |  | 
| Staff of Teleportation | 3 |  | 
| Staff of Sanctuary | 2 |  | 
| Orb of Lightning | 2 |  | 
| Potion of Healing | 1 |  | 
| Scroll of Regeneration | 1 |  | 
| Scroll of Town Portal | 1 |  | 
                16 total
  
               
              
              
cum.2ez (
pink | 103 APM | 5552 actions | 53:45)
              
 6 Archmage 
 3 Blizzard
 2 Brilliance Aura
 1 Mass Teleport
 5 Mountain King 
 3 Storm Bolt
 2 Bash
 3 Paladin 
 2 Holy Light
 1 Divine Shield
 
                » actions 
                
                | Assign group hotkey | 45 |  | 
| Basic commands | 45 |  | 
| Build / train | 134 |  | 
| ESC pressed | 8 |  | 
| Enter build submenu | 53 |  | 
| Enter hero's abilities submenu | 14 |  | 
| Give item / drop item | 5 |  | 
| Remove unit from queue | 1 |  | 
| Right click | 2481 |  | 
| Select / deselect | 523 |  | 
| Select group hotkey | 1879 |  | 
| Use ability | 363 |  | 
                5552 total
 » units 
                
                | Peasant | 23 |  | 
| Dragonhawk Rider | 6 |  | 
| Sorceress | 1 |  | 
| Priest | 1 |  | 
| Goblin Shredder | 1 |  | 
| Goblin Zeppelin | 1 |  | 
                33 total
 » upgrades
                
                | Masonry | 2 |  | 
| Magic Sentry | 1 |  | 
| Sorceress Training | 2 |  | 
| Priest Training | 2 |  | 
| Animal War Training | 1 |  | 
                8 total
 » buildings
                
                | Altar of Kings | 3 |  | 
| Farm | 11 |  | 
| Lumber Mill | 2 |  | 
| Scout Tower | 36 |  | 
| Arcane Tower | 5 |  | 
| Guard Tower | 30 |  | 
| Keep | 2 |  | 
| Town Hall | 3 |  | 
| Arcane Sanctum | 1 |  | 
| Arcane Vault | 1 |  | 
| Gryphon Aviary | 2 |  | 
| Barracks | 1 |  | 
| Castle | 4 |  | 
| Blacksmith | 1 |  | 
                102 total
 » build order
                00:07 Altar of Kings
00:18 Farm
00:40 Lumber Mill
00:56 Farm
01:01 Scout Tower
01:19 Scout Tower
01:35 Arcane Tower
01:35 Arcane Tower
01:52 Guard Tower
01:53 Guard Tower
01:53 Guard Tower
02:09 Scout Tower
02:12 Scout Tower
02:22 Scout Tower
02:23 Scout Tower
02:37 Guard Tower
02:37 Guard Tower
02:44 Guard Tower
02:45 Guard Tower
03:07 Guard Tower
03:22 Scout Tower
03:25 Scout Tower
03:47 Keep
04:46 Guard Tower
04:48 Scout Tower
04:49 Scout Tower
06:04 Town Hall
06:13 Guard Tower
06:23 Farm
06:28 Arcane Sanctum
06:29 Arcane Vault
07:29 Gryphon Aviary
08:55 Gryphon Aviary
08:57 Scout Tower
08:59 Scout Tower
09:00 Scout Tower
09:03 Scout Tower
09:29 Farm
09:43 Farm
09:50 Guard Tower
09:51 Guard Tower
10:03 Scout Tower
10:03 Scout Tower
10:04 Scout Tower
10:05 Scout Tower
10:05 Scout Tower
10:05 Scout Tower
10:33 Guard Tower
10:44 Guard Tower
10:45 Guard Tower
11:18 Scout Tower
11:19 Scout Tower
11:20 Scout Tower
11:36 Barracks
11:38 Guard Tower
11:38 Guard Tower
11:41 Scout Tower
12:28 Guard Tower
12:49 Guard Tower
13:28 Castle
13:28 Castle
13:56 Arcane Tower
14:03 Arcane Tower
14:07 Scout Tower
14:08 Scout Tower
14:08 Scout Tower
14:08 Scout Tower
14:09 Scout Tower
14:10 Scout Tower
14:10 Scout Tower
14:11 Scout Tower
14:11 Scout Tower
14:12 Scout Tower
14:13 Scout Tower
14:13 Scout Tower
15:22 Blacksmith
17:36 Altar of Kings
18:25 Arcane Tower
20:23 Altar of Kings
20:25 Farm
20:25 Farm
20:25 Farm
21:18 Farm
22:00 Farm
23:43 Lumber Mill
26:07 Town Hall
27:18 Town Hall
29:01 Keep
31:24 Castle
» items
                
                | Boots of Speed | 3 |  | 
| Staff of Teleportation | 7 |  | 
| Healing Salve | 1 |  | 
| Scroll of Speed | 1 |  | 
| Periapt of Vitality | 2 |  | 
| Potion of Lesser Invulnerability | 3 |  | 
| Circlet of Nobility | 4 |  | 
| Scroll of Regeneration | 1 |  | 
| Staff of Sanctuary | 3 |  | 
| Orb of Lightning | 4 |  | 
                29 total
  
               
              
              
sinepevolI (
blue | 41 APM | 2228 actions | 53:45)
              
 6 Blademaster 
 2 Wind Walk
 3 Critical Strike
 1 Bladestorm
 
                » actions 
                
                | Basic commands | 22 |  | 
| Build / train | 83 |  | 
| Enter build submenu | 37 |  | 
| Enter hero's abilities submenu | 6 |  | 
| Give item / drop item | 3 |  | 
| Remove unit from queue | 3 |  | 
| Right click | 1464 |  | 
| Select / deselect | 417 |  | 
| Use ability | 193 |  | 
                2228 total
 » units 
                » upgrades
                
                | Liquid Fire | 1 |  | 
| Reinforced Defenses | 1 |  | 
| Spiked Barricades | 2 |  | 
| Ranged Weapons | 2 |  | 
| Armor | 0 |  | 
                6 total
 » buildings
                
                | Altar of Storms | 1 |  | 
| Orc Burrow | 4 |  | 
| War Mill | 1 |  | 
| Voodoo Lounge | 2 |  | 
| Watch Tower | 52 |  | 
| Stronghold | 1 |  | 
| Beastiary | 2 |  | 
| Great Hall | 1 |  | 
| Fortress | 1 |  | 
                65 total
 » build order
                00:14 Altar of Storms
00:19 Orc Burrow
00:30 Orc Burrow
01:19 War Mill
02:31 Voodoo Lounge
02:40 Watch Tower
03:30 Watch Tower
03:31 Watch Tower
03:41 Watch Tower
03:42 Watch Tower
03:43 Watch Tower
04:31 Stronghold
05:00 Watch Tower
05:14 Orc Burrow
05:17 Orc Burrow
06:42 Watch Tower
06:43 Watch Tower
06:44 Watch Tower
07:05 Beastiary
07:08 Beastiary
07:14 Great Hall
07:34 Watch Tower
07:35 Watch Tower
08:07 Watch Tower
08:08 Watch Tower
08:09 Watch Tower
08:09 Watch Tower
09:20 Watch Tower
10:30 Fortress
10:37 Watch Tower
11:11 Watch Tower
11:15 Watch Tower
11:32 Watch Tower
11:33 Watch Tower
13:19 Watch Tower
13:19 Watch Tower
13:20 Watch Tower
13:47 Voodoo Lounge
13:59 Watch Tower
14:23 Watch Tower
14:24 Watch Tower
14:25 Watch Tower
15:19 Watch Tower
15:21 Watch Tower
15:22 Watch Tower
16:18 Watch Tower
16:19 Watch Tower
16:19 Watch Tower
16:21 Watch Tower
18:12 Watch Tower
18:13 Watch Tower
19:19 Watch Tower
19:20 Watch Tower
19:22 Watch Tower
19:29 Watch Tower
36:01 Watch Tower
36:02 Watch Tower
36:04 Watch Tower
36:05 Watch Tower
36:07 Watch Tower
36:22 Watch Tower
36:43 Watch Tower
40:13 Watch Tower
40:14 Watch Tower
40:16 Watch Tower
» items
                
                | Healing Salve | 3 |  | 
| Lesser Clarity Potion | 1 |  | 
| Boots of Speed | 1 |  | 
| Staff of Teleportation | 1 |  | 
| Orb of Lightning | 1 |  | 
| Potion of Healing | 2 |  | 
| Potion of Mana | 1 |  | 
                10 total
  
                Chat log
          (00:15 / All) cum.2ez: gl hf
(00:18 / All) ball_sweets: gg gl
(00:27 / All) WinterWraith: same to u
(02:16 / All) cum.2ez: u there??
(02:23 / All) ULTRAN00B: ya gg gl
(02:28 / All) cum.2ez: k  ^^
(05:16 / Allies) cum.2ez: go jack em blh
(05:50 / All) Ckrabs: DAMN u gusy suck
(05:52 / All) Ckrabs: GG
(05:54 / All) cum.2ez:  ?
(06:00 / Allies) cum.2ez: im lagging so bad
(06:00 / All) Ckrabs: WE ABOUT TO RUSH U
(06:05 / All) sinepevolI: OMG
(06:06 / All) cum.2ez: kk
(06:18 / Allies) cum.2ez: fucking
(06:18 / Allies) cum.2ez: lag
(06:19 / Allies) cum.2ez: jesus
(06:20 / Allies) cum.2ez: christ
(06:36 / Allies) cum.2ez: scout them
(06:51 / Allies) cum.2ez: get bats fast blah
(06:56 / All) WinterWraith: come on pink dont leave before the hit
(07:06 / Allies) cum.2ez: fat chim\
(07:17 / All) cum.2ez: this lag is pretty sweet
(07:19 / All) Ckrabs: SAD
(07:32 / Allies) cum.2ez: im
(07:33 / Allies) cum.2ez: so
(07:33 / Allies) cum.2ez: fucking
(07:34 / Allies) cum.2ez: bad
(07:53 / Allies) cum.2ez: ...
(07:55 / Allies) cum.2ez: he doesnt have hunts
(07:58 / Allies) cum.2ez: hes going strait chim
(08:05 / Allies) cum.2ez: get hawks NOW
(08:09 / Allies) cum.2ez: all money to hawk
(08:38 / Allies) cum.2ez: bat and hawk
(08:39 / Allies) cum.2ez: and were good
(08:50 / Allies) cum.2ez: if i could stop lagging
(09:07 / All) cum.2ez: i c u
(09:13 / All) Ckrabs: I C P
(10:26 / Allies) cum.2ez: teir 3 dude
(31:19 / All) cum.2ez: ^____^
(31:34 / All) sinepevolI: LOL
(31:37 / All) sinepevolI: noobs
(35:49 / All) cum.2ez: lmao
(35:50 / Allies) cum.2ez: 2ez
(35:51 / All) cum.2ez: 2ez
(35:52 / All) sinepevolI: you cna leave noobhs
(35:54 / All) ball_sweets: bye noobs
(36:11 / All) ball_sweets: thanks for two free wins :)
(37:27 / All) sinepevolI: purple you cant win it for your noob allies
(37:35 / All) cum.2ez: or for your noob self
(40:35 / All) sinepevolI: hahaha
(40:35 / All) cum.2ez: pro
(40:37 / All) sinepevolI: soo noob
(40:41 / All) Ckrabs: SO
(40:45 / All) Ckrabs: u liek wasintg time
(40:49 / All) Ckrabs: we have all day
(40:50 / All) sinepevolI: why cant you kill my towers
(40:52 / All) ball_sweets: we like winning :)
(40:55 / All) cum.2ez: all
(40:56 / All) cum.2ez: day
(41:00 / All) cum.2ez: this isnt even high perch
(41:02 / All) sinepevolI: we like short games thats why we tower
(41:08 / All) ULTRAN00B: more like being lame ass pussies
(41:20 / All) sinepevolI: youre the lame ducks who cant kill towers
(42:03 / All) cum.2ez: ahhahahahah
(42:05 / All) cum.2ez: boy are u dum
(42:06 / All) cum.2ez: n
(42:07 / All) cum.2ez: B
(42:34 / All) cum.2ez: teehee
(44:01 / All) cum.2ez: sup
(44:11 / All) cum.2ez: nice main
(45:28 / All) ULTRAN00B: fuck you guys, come kill us
(45:31 / All) cum.2ez:  ?
(45:31 / All) ball_sweets: why
(45:36 / All) ball_sweets: we're having fun :)
(46:23 / All) cum.2ez: trail of tears
(46:32 / All) sinepevolI: the poor navajoe
(47:26 / All) sinepevolI: wheni grow up i want to be
(47:32 / All) sinepevolI: a harvester of the sea
(47:42 / All) sinepevolI: when i grow up i want to be
(47:48 / All) sinepevolI: a fisher man of the sea!
(48:54 / All) cum.2ez: TT
(49:58 / All) sinepevolI: tell me mr crinkle
(50:03 / All) sinepevolI: tell my why
(50:08 / All) sinepevolI: tell me why
(50:15 / All) sinepevolI: tell me mrcrinkle tell me why?
(50:58 / All) cum.2ez: tt
(51:31 / All) sinepevolI: lol
(51:37 / All) sinepevolI: go back to dota
(52:39 / All) ball_sweets: bye :)
(53:08 / All) sinepevolI: look at these noobs
(53:38 / All) ULTRAN00B: gg fags
(53:39 / All) cum.2ez: dun worry
(53:42 / All) cum.2ez: we have all night :)
(53:44 / All) sinepevolI: ahahha noobs